MLB
BALTIMORE ORIOLES @ OAKLAND ATHLETICS
05/03/2044
 
TOP OF THE 1ST
Baltimore Orioles batting - Pitching for Oakland Athletics : RHP Mike Torres
Pitching: RHP Mike Torres
Batting: RHB Marc Peckermark 0-0: Fly out, F8 (Flyball, 8RXD, EV 83.1 MPH)
Batting: LHB Bob Melley 0-0: Called Strike
0-1: Called Strike
0-2: Foul Ball, location: 2F
0-2: Ball
1-2: Ball
2-2: Reached on error, E7 (Flyball, 7S, EV 93.1 MPH)
Batting: LHB Brad Pepin 0-0: Ball
1-0: Called Strike
1-1: Ball
Bob Melley steals 2nd base
2-1: SINGLE (Groundball, 4MD, EV 101.9 MPH)
Bob Melley to third
Batting: SHB Jason Hayes 0-0: Foul Ball, location: 2F
0-1: Ball
1-1: Ball
2-1: Ball
3-1: Base on Balls
Brad Pepin to second
Batting: RHB Alex Rodriguez Jr. 0-0: Ball
1-0: Ball
2-0: Swinging Strike
2-1: GRAND SLAM HOME RUN (Flyball, 9D, EV 99.4 MPH), Distance : 393 ft
Batting: RHB Kevin Howard 0-0: Swinging Strike
0-1: Called Strike
0-2: Ball
1-2: Strikes out swinging
Batting: RHB Randy Johnson Jr. 0-0: Called Strike
0-1: Swinging Strike
0-2: Ball
1-2: Strikes out looking
Top of the 1st over - 4 runs, 2 hits, 1 error, 0 left on base; Baltimore 4 - Oakland 0
BOTTOM OF THE 1ST
Oakland Athletics batting - Pitching for Baltimore Orioles : LHP Manny Trump
Pitching: LHP Manny Trump
Batting: RHB Philip Jansen 0-0: Called Strike
0-1: Called Strike
0-2: Foul Ball, location: 2F
0-2: Ball
1-2: Fly out, F7 (Flyball, 7S, EV 80.0 MPH)
Batting: RHB Danny Murillo 0-0: Foul Ball, location: 2F
0-1: Ball
1-1: Swinging Strike
1-2: Ball
2-2: Strikes out swinging
Batting: LHB Sakae Kasahara 0-0: Foul Ball, location: 2F
0-1: SINGLE (Line Drive, 6M, EV 111.2 MPH)
Batting: RHB Muneo Kawachi 0-0: Ball
1-0: Ground out 5-3 (Groundball, 56S, EV 69.4 MPH)
Bottom of the 1st over - 0 runs, 1 hit, 0 errors, 1 left on base; Baltimore 4 - Oakland 0
TOP OF THE 2ND
Baltimore Orioles batting - Pitching for Oakland Athletics : RHP Mike Torres
Batting: RHB Ruben Garza 0-0: Ball
1-0: Ground out 5-3 (Groundball, 56S, EV 75.6 MPH)
Batting: RHB Josh Hamilton 0-0: Ball
1-0: Swinging Strike
1-1: Called Strike
1-2: Ball
2-2: Ball
3-2: Foul Ball, location: 2F
3-2: Strikes out swinging
Batting: RHB Marc Peckermark 0-0: Ball
1-0: Ball
2-0: Foul Ball, location: 2F
2-1: Ground out U3 (Groundball, 34, EV 81.9 MPH)
Top of the 2nd over - 0 runs, 0 hits, 0 errors, 0 left on base; Baltimore 4 - Oakland 0
BOTTOM OF THE 2ND
Oakland Athletics batting - Pitching for Baltimore Orioles : LHP Manny Trump
Batting: LHB Nate Dean 0-0: Called Strike
0-1: Swinging Strike
0-2: Ball
1-2: Strikes out swinging
Batting: SHB Robert Handy 0-0: Foul Ball, location: 2F
0-1: Ball
1-1: Swinging Strike
1-2: Foul Ball, location: 2F
1-2: Ball
2-2: Foul Ball, location: 2F
2-2: Ground out 5-3 (Groundball, 56S, EV 85.0 MPH)
Batting: RHB Sébastien Piat 0-0: Foul Ball, location: 2F
0-1: Ball
1-1: Foul Ball, location: 2F
1-2: Ball
2-2: Foul Ball, location: 2F
2-2: Foul Ball, location: 2F
2-2: Foul Ball, location: 2F
2-2: Ball
3-2: Base on Balls
Batting: RHB Justin McQuarter 0-0: Ball
1-0: DOUBLE (Flyball, 89XD, EV 104.4 MPH)
Sébastien Piat to third
Runner from 3rd tries for Home, SAFE, throw by RF to trailing runner, SAFE at third!
Batting: LHB George Leary 0-0: Swinging Strike
0-1: Foul Ball, location: 2F
0-2: Ball
1-2: Strikes out swinging
Bottom of the 2nd over - 1 run, 1 hit, 0 errors, 1 left on base; Baltimore 4 - Oakland 1
TOP OF THE 3RD
Baltimore Orioles batting - Pitching for Oakland Athletics : RHP Mike Torres
Batting: LHB Bob Melley 0-0: Ball
1-0: Ball
2-0: Ball
3-0: Called Strike
3-1: Swinging Strike
3-2: Strikes out swinging
Batting: LHB Brad Pepin 0-0: Ball
1-0: Ball
2-0: Ball
3-0: Base on Balls
Batting: SHB Jason Hayes 0-0: Ball
1-0: Swinging Strike
1-1: Foul Ball, location: 2F
1-2: Foul Ball, location: 2F
1-2: Ball
2-2: Foul Ball, location: 2F
2-2: Reached on error, E4 (Groundball, 3, EV 83.8 MPH)
Brad Pepin to second
Batting: RHB Alex Rodriguez Jr. 0-0: Ball
Brad Pepin steals 3rd, throwing error, E2
Brad Pepin scores
Jason Hayes to third
1-0: Ball
2-0: SINGLE (Line Drive, 78S, EV 95.6 MPH)
Jason Hayes scores
Pitching: LHP Bobby Storey
Batting: RHB Kevin Howard 0-0: Called Strike
Alex Rodriguez Jr. steals 2nd base
0-1: Called Strike
0-2: Ball
1-2: Strikes out swinging
Batting: RHB Randy Johnson Jr. 0-0: Ball
1-0: Foul Ball, location: 2F
1-1: DOUBLE (Flyball, 89D, EV 94.4 MPH)
Alex Rodriguez Jr. scores
Batting: RHB Ruben Garza 0-0: Called Strike
0-1: Ball
1-1: Ball
2-1: Called Strike
2-2: Ball
3-2: Base on Balls
Batting: RHB Josh Hamilton 0-0: Called Strike
0-1: Ball
1-1: Called Strike
1-2: Strikes out looking
Top of the 3rd over - 3 runs, 2 hits, 2 errors, 2 left on base; Baltimore 7 - Oakland 1
BOTTOM OF THE 3RD
Oakland Athletics batting - Pitching for Baltimore Orioles : LHP Manny Trump
Batting: RHB Philip Jansen 0-0: Called Strike
0-1: Ball
1-1: Ball
2-1: Ball
3-1: Base on Balls
Batting: RHB Danny Murillo 0-0: Called Strike
0-1: Ball
1-1: Fielders Choice at 2nd, 3-6 (Groundball, 13, EV 81.9 MPH)
Batting: LHB Sakae Kasahara 0-0: Ball
1-0: Called Strike
1-1: Swinging Strike
1-2: Foul Ball, location: 2F
1-2: Strikes out looking
Batting: RHB Muneo Kawachi 0-0: Foul Ball, location: 2F
0-1: Foul Ball, location: 2F
0-2: Ball
1-2: Ball
2-2: Strikes out swinging
Bottom of the 3rd over - 0 runs, 0 hits, 0 errors, 1 left on base; Baltimore 7 - Oakland 1
TOP OF THE 4TH
Baltimore Orioles batting - Pitching for Oakland Athletics : LHP Bobby Storey
Batting: RHB Marc Peckermark 0-0: Ball
1-0: Foul Ball, location: 2F
1-1: Foul Ball, location: 2F
1-2: Foul Ball, location: 2F
1-2: SOLO HOME RUN (Flyball, 78XD, EV 100.0 MPH), Distance : 409 ft
Batting: LHB Bob Melley 0-0: Foul Ball, location: 2F
0-1: Foul Ball, location: 2F
0-2: Ball
1-2: Fly out, F9 (Line Drive, 89M, EV 100.6 MPH)
Batting: LHB Brad Pepin 0-0: Called Strike
0-1: Swinging Strike
0-2: Ball
1-2: Foul Ball, location: 2F
1-2: Strikes out looking
Batting: SHB Jason Hayes 0-0: Called Strike
0-1: Ball
1-1: Foul Ball, location: 2F
1-2: Ground out 6-3 (Groundball, 6, EV 93.8 MPH)
Top of the 4th over - 1 run, 1 hit, 0 errors, 0 left on base; Baltimore 8 - Oakland 1
BOTTOM OF THE 4TH
Oakland Athletics batting - Pitching for Baltimore Orioles : LHP Manny Trump
Batting: LHB Nate Dean 0-0: Called Strike
0-1: Swinging Strike
0-2: Ball
1-2: Ball
2-2: Ball
3-2: Fly out, F6 (Popup, 6S, EV 77.5 MPH)
Batting: SHB Robert Handy 0-0: SOLO HOME RUN (Flyball, 78XD, EV 102.5 MPH), Distance : 396 ft
Batting: RHB Sébastien Piat 0-0: Ball
1-0: Fly out, F7 (Line Drive, 7, EV 89.4 MPH)
Batting: RHB Justin McQuarter 0-0: Ball
1-0: Ground out 4-3 (Groundball, 4, EV 87.5 MPH)
Bottom of the 4th over - 1 run, 1 hit, 0 errors, 0 left on base; Baltimore 8 - Oakland 2
TOP OF THE 5TH
Baltimore Orioles batting - Pitching for Oakland Athletics : LHP Bobby Storey
Batting: RHB Alex Rodriguez Jr. 0-0: Swinging Strike
0-1: Called Strike
0-2: Ball
1-2: Ball
2-2: Ball
3-2: Foul Ball, location: 2F
3-2: Strikes out looking
Batting: RHB Kevin Howard 0-0: Ball
1-0: Foul Ball, location: 2F
1-1: Ball
2-1: Ball
3-1: Swinging Strike
3-2: Fly out, F9 (Line Drive, 9S, EV 91.2 MPH)
Batting: RHB Randy Johnson Jr. 0-0: Called Strike
0-1: Ball
1-1: Foul Ball, location: 2F
1-2: Ball
2-2: Foul Ball, location: 2F
2-2: Foul Ball, location: 2F
2-2: Ball
3-2: Base on Balls
Batting: RHB Ruben Garza 0-0: Ball
1-0: Called Strike
1-1: Foul Ball, location: 2F
1-2: Strikes out looking
Top of the 5th over - 0 runs, 0 hits, 0 errors, 1 left on base; Baltimore 8 - Oakland 2
BOTTOM OF THE 5TH
Oakland Athletics batting - Pitching for Baltimore Orioles : LHP Manny Trump
Batting: LHB George Leary 0-0: Called Strike
0-1: Ball
1-1: Ball
2-1: Swinging Strike
2-2: Ground out 6-3 (Groundball, 6MS, EV 70.0 MPH)
Batting: RHB Philip Jansen 0-0: Ball
1-0: Called Strike
1-1: Called Strike
1-2: Ball
2-2: Ball
3-2: SINGLE (Line Drive, 56D, EV 95.0 MPH)
Batting: RHB Danny Murillo 0-0: Grounds into double play, 6-4-3 (Groundball, 6, EV 80.0 MPH)
Bottom of the 5th over - 0 runs, 1 hit, 0 errors, 0 left on base; Baltimore 8 - Oakland 2
TOP OF THE 6TH
Baltimore Orioles batting - Pitching for Oakland Athletics : LHP Bobby Storey
Batting: RHB Josh Hamilton 0-0: Ball
1-0: Ball
2-0: Called Strike
2-1: Foul Ball, location: 2F
2-2: Ball
3-2: Base on Balls
Pitching: RHP Eric Stevenson
Batting: RHB Marc Peckermark 0-0: Ball
1-0: Called Strike
1-1: Swinging Strike
1-2: Foul Ball, location: 2F
1-2: Fly out, F8 (Flyball, 8LD, EV 99.4 MPH)
Batting: LHB Bob Melley 0-0: Ball
1-0: Foul Ball, location: 2F
1-1: Ball
2-1: SINGLE (Groundball, 4S, EV 66.9 MPH) (infield hit)
Josh Hamilton to second
Batting: LHB Brad Pepin 0-0: Foul Ball, location: 2F
0-1: Ball
1-1: Fly out, F6 (Flyball, 4MD, EV 75.6 MPH)
Batting: SHB Jason Hayes 0-0: Foul Ball, location: 2F
0-1: Called Strike
0-2: Ball
1-2: Fly out, F9 (Flyball, 9, EV 91.2 MPH)
Top of the 6th over - 0 runs, 1 hit, 0 errors, 2 left on base; Baltimore 8 - Oakland 2
BOTTOM OF THE 6TH
Oakland Athletics batting - Pitching for Baltimore Orioles : LHP Manny Trump
Batting: LHB Sakae Kasahara 0-0: Ball
1-0: Swinging Strike
1-1: Ball
2-1: Fly out, F8 (Flyball, 8LXD, EV 86.2 MPH)
Batting: RHB Muneo Kawachi 0-0: Called Strike
0-1: Foul Ball, location: 2F
0-2: Foul Ball, location: 2F
0-2: Ball
1-2: Strikes out looking
Batting: LHB Nate Dean 0-0: Ball
1-0: Ball
2-0: Foul Ball, location: 2F
2-1: Ground out U3 (Groundball, 3, EV 108.1 MPH)
Bottom of the 6th over - 0 runs, 0 hits, 0 errors, 0 left on base; Baltimore 8 - Oakland 2
TOP OF THE 7TH
Baltimore Orioles batting - Pitching for Oakland Athletics : RHP Eric Stevenson
Batting: RHB Alex Rodriguez Jr. 0-0: Ball
1-0: Foul Ball, location: 2F
1-1: Ball
2-1: Foul Ball, location: 2F
2-2: Ball
3-2: Foul Ball, location: 2F
3-2: Foul Ball, location: 2F
3-2: Hit by Pitch
Batting: RHB Kevin Howard 0-0: Called Strike
Alex Rodriguez Jr. steals 2nd base (no throw)
0-1: Ball
1-1: Ball
2-1: Ball
Passed Ball!
Alex Rodriguez Jr. to third
3-1: Base on Balls
Batting: RHB Randy Johnson Jr. 0-0: Called Strike
0-1: Ball
1-1: Foul Ball, location: 2F
1-2: Ball
2-2: Foul Ball, location: 2F
2-2: Ball
3-2: Foul Ball, location: 2F
3-2: Foul Ball, location: 2F
3-2: Grounds into double play, 5-4-3 (Groundball, 56, EV 109.4 MPH)
Alex Rodriguez Jr. scores
Batting: RHB Ruben Garza 0-0: Ball
1-0: Ground out 6-3 (Groundball, 6, EV 81.2 MPH)
Top of the 7th over - 1 run, 0 hits, 0 errors, 0 left on base; Baltimore 9 - Oakland 2
BOTTOM OF THE 7TH
Oakland Athletics batting - Pitching for Baltimore Orioles : LHP Manny Trump
Batting: SHB Robert Handy 0-0: Ball
1-0: Ball
2-0: Called Strike
2-1: Called Strike
2-2: Foul Ball, location: 2F
2-2: Ball
3-2: DOUBLE (Line Drive, 5D, EV 108.8 MPH)
Pitching: RHP Mike Hurst
Batting: RHB Sébastien Piat 0-0: Ball
1-0: SINGLE (Groundball, 5S, EV 74.4 MPH) (infield hit)
Robert Handy to third
Batting: RHB Justin McQuarter 0-0: Foul Ball, location: 2F
0-1: Ball
1-1: Ball
2-1: Called Strike
2-2: Fly out, F7 (Line Drive, 7D, EV 91.9 MPH)
Runner from 3rd tags up, SCORES, no throw by LF
Batting: LHB George Leary 0-0: Ball
1-0: SINGLE (Groundball, 6MS, EV 81.9 MPH) (infield hit)
Sébastien Piat to second
Batting: RHB Philip Jansen 0-0: Called Strike
0-1: Ball
George Leary steals 2nd base (no throw)
Sébastien Piat steals 3rd base
1-1: Foul Ball, location: 2F
1-2: Strikes out swinging
Batting: RHB Danny Murillo 0-0: Ball
1-0: Called Strike
1-1: Ball
2-1: Ball
3-1: Fly out, F7 (Flyball, 7LM, EV 75.6 MPH)
Bottom of the 7th over - 1 run, 3 hits, 0 errors, 2 left on base; Baltimore 9 - Oakland 3
TOP OF THE 8TH
Baltimore Orioles batting - Pitching for Oakland Athletics : RHP Eric Stevenson
Batting: RHB Josh Hamilton 0-0: Ball
1-0: Called Strike
1-1: Swinging Strike
1-2: Foul Ball, location: 2F
1-2: Ball
2-2: Ball
3-2: Base on Balls
Batting: RHB Marc Peckermark 0-0: Foul Ball, location: 2F
0-1: Foul Ball, location: 2F
0-2: Fielders Choice at 2nd, 5-4 (Groundball, 56D, EV 103.1 MPH)
Batting: LHB Bob Melley 0-0: Ball
1-0: Called Strike
1-1: Ball
2-1: Called Strike
2-2: Ball
3-2: Foul Ball, location: 2F
3-2: Base on Balls
Marc Peckermark to second
Batting: LHB Brad Pepin 0-0: Ball
1-0: Ball
2-0: Foul Ball, location: 2F
2-1: Swinging Strike
2-2: Strikes out swinging
Batting: SHB Jason Hayes 0-0: Called Strike
Bob Melley is caught stealing 2nd base 2-6
Marc Peckermark steals 3rd base
Top of the 8th over - 0 runs, 0 hits, 0 errors, 1 left on base; Baltimore 9 - Oakland 3
BOTTOM OF THE 8TH
Oakland Athletics batting - Pitching for Baltimore Orioles : RHP Mike Hurst
Batting: LHB Sakae Kasahara 0-0: Ball
1-0: Called Strike
1-1: Called Strike
1-2: Fly out, F8 (Flyball, 8RXD, EV 99.4 MPH)
Batting: RHB Muneo Kawachi 0-0: Called Strike
0-1: Ball
1-1: Foul Ball, location: 2F
1-2: Ball
2-2: Strikes out looking
Batting: LHB Nate Dean 0-0: Fly out, F7 (Flyball, 78D, EV 81.9 MPH)
Bottom of the 8th over - 0 runs, 0 hits, 0 errors, 0 left on base; Baltimore 9 - Oakland 3
TOP OF THE 9TH
Baltimore Orioles batting - Pitching for Oakland Athletics : RHP Eric Stevenson
Batting: SHB Jason Hayes 0-0: Ball
1-0: Ball
2-0: Ball
3-0: Called Strike
3-1: Base on Balls
Pitching: RHP John Owens
Batting: RHB Alex Rodriguez Jr. 0-0: Ball
Jason Hayes steals 2nd base
1-0: Ground out 1-3 (Groundball, 34S, EV 75.6 MPH)
Jason Hayes to third
Batting: RHB Kevin Howard 0-0: Ball
1-0: Hit by Pitch
Batting: RHB Randy Johnson Jr. 0-0: Ball
1-0: Swinging Strike
1-1: Grounds into double play, 4-6-3 (Groundball, 4, EV 101.2 MPH)
Top of the 9th over - 0 runs, 0 hits, 0 errors, 1 left on base; Baltimore 9 - Oakland 3
BOTTOM OF THE 9TH
Oakland Athletics batting - Pitching for Baltimore Orioles : RHP Mike Hurst
Batting: SHB Robert Handy 0-0: DOUBLE (Line Drive, 89D, EV 100.6 MPH)
Batting: RHB Sébastien Piat 0-0: Foul Ball, location: 2F
0-1: Ball
1-1: Ball
2-1: Called Strike
2-2: Ball
3-2: Base on Balls
Pitching: LHP Matt Tomlinson
Batting: RHB Justin McQuarter 0-0: Foul Ball, location: 2F
0-1: Grounds into double play, 6-4-3 (Groundball, 6, EV 91.2 MPH)
Robert Handy to third
Batting: LHB George Leary 0-0: Ball
1-0: Swinging Strike
1-1: Foul Ball, location: 2F
1-2: Strikes out swinging
Bottom of the 9th over - 0 runs, 1 hit, 0 errors, 1 left on base; Baltimore 9 - Oakland 3
Thursday, March 31st , 2022 - OOTP Baseball 22.12 Build 89